 Dungeon Crawl Stone Soup version 0.29-a0-721-g7f417c9bbb (webtiles) character file.

Game seed: 3899845376686945696

9 ytrimaz the Shield-Bearer (level 2, 24/24 HPs)
             Began as a Demonspawn Fighter on June 28, 2022.
             Quit the game on level 1 of the Dungeon.
             The game lasted 00:00:45 (486 turns).

ytrimaz the Shield-Bearer (Demonspawn Fighter)       Turns: 486, Time: 00:00:46

Health: 24/24      AC:  7    Str: 16    XL:     2   Next: 3%
Magic:  2/2        EV:  8    Int:  9    God:
Gold:   27         SH:  4    Dex: 12    Spells: 1/1 levels left

rFire   . . .      SeeInvis .   j - +1 morningstar (vamp)
rCold   . . .      Faith    .   c - +0 buckler
rNeg    . . .      Spirit   .   b - +0 scale mail
rPois   .          Reflect  .   (no helmet)
rElec   .          Harm     .   (no cloak)
rCorr   +          Rampage  .   i - +0 pair of gloves
Will    .....                   (no boots)
Stlth   ..........              (no amulet)
HPRegen 0.08/turn               g - ring of resist corrosion
MPRegen 0.08/turn               (no ring)

@: no status effects
A: demonic magic 1
a: no special abilities


You were on level 1 of the Dungeon.
You visited 1 branch of the dungeon, and saw 1 of its levels.

You collected 27 gold pieces.

Inventory:

Hand Weapons
 a - a +0 war axe
 j - a +1 vampiric morningstar (weapon)
Armour
 b - a +0 scale mail (worn)
 c - a +0 buckler (worn)
 i - a +0 pair of gloves (worn)
Jewellery
 g - a ring of resist corrosion (left hand)
Scrolls
 f - a scroll of acquirement {unknown}
 h - a scroll of fear {unknown}
 l - a scroll of identify {unknown}
Potions
 d - a potion of might
 e - a potion of heal wounds {unknown}
 k - a potion of haste {unknown}


   Skills:
 - Level 3.0 Fighting
 - Level 2.0 Axes
 - Level 2.6 Armour
 * Level 3.1 Shields


You had one spell level left.
You didn't know any spells.
Your spell library was empty.

Dungeon Overview and Level Annotations

Branches:
Dungeon (1/15)

Altars:


Innate Abilities, Weirdness & Mutations

Spells you cast may paralyse adjacent enemies.


Message History

You see here a +1 vampiric morningstar.
You see here a +0 pair of gloves.
You now have 16 gold pieces.
You see here a +0 pair of gloves.
i - a +0 pair of gloves You see here a +1 vampiric morningstar.
j - a +1 vampiric morningstar Your movement speed is average.
Your attack delay is about 1.4.
You feel a sense of dread.
j - a +1 vampiric morningstar (weapon)
Your movement speed is average.
Your attack delay is about 1.4.
You start putting on your armour.
You continue putting on your +0 pair of gloves. x4
You finish putting on your +0 pair of gloves.
An endoplasm comes into view.
The endoplasm quivers.
You see here a scroll labelled QEIRPH HIONOUC.
An endoplasm is nearby!
An endoplasm is nearby!
Found a golden potion.
The endoplasm freezes you.
You are frozen.
You barely miss the endoplasm.
The endoplasm hits you but does no damage. x2
You hit the endoplasm.
You feel better.
The endoplasm is heavily wounded.
The endoplasm freezes you.
You are frozen.
You puncture the endoplasm!
You feel better.
You kill the endoplasm!
You have reached level 2!
Your demonic ancestry asserts itself...
A menacing aura infuses your magic.
You now have 27 gold pieces (gained 11).
k - a golden potion
l - a scroll labelled QEIRPH HIONOUC
Found a spear.
You see here a +0 spear.
Found a chain mail.
Are you sure you want to abandon this character and quit the game? (Confirm with "yes".)

### #
#.########
#.#.........
#.#.#.......
#...@.......
###.#......[
#.##......
#.#.......
#.##.##...
#.#...+ ..
#.#..# .
#.#..#
#.#..#


There were no monsters in sight!

Vanquished Creatures
  2 endoplasms (D:1)
  2 bats (D:1)
  A goblin (D:1)
  3 kobolds (D:1)
8 creatures vanquished.

Notes
Turn   | Place    | Note
-------+----------+-------------------------------------------
     0 | D:1      | ytrimaz the Demonspawn Fighter began the quest for the Orb.
     0 | D:1      | Reached XP level 1. HP: 18/18 MP: 1/1
   243 | D:1      | Found a faded altar of an unknown god.
   368 | D:1      | Gained mutation: Spells you cast may paralyse adjacent
                  | enemies. [demonic ancestry]
   368 | D:1      | Reached XP level 2. HP: 17/24 MP: 2/2
   486 | D:1      | Quit the game

Illustrated notes

Levels and vault maps discovered:
D:1:      elethiomel_arrival_maze, layout_basic,
          hellmonk_ecumenical_altar_lost_god

Skill      XL: |  1 |
---------------+----+-----
Shields        | 3 |  3.1
Axes           | 2 |  2.0
Fighting       | |  3.0
Armour         | |  2.6

Action                   || total
-------------------------++-------
Melee: War axe           ||    12
       Morningstar       ||     3
Armor: Scale mail        ||    13
Dodge: Dodged            ||     7
Block: Buckler           ||     9

Table legend: (Time is in decaauts)
 A = Elapsed time spent in this place.
 B = Non-inter-level travel time spent in this place.
 C = Inter-level travel time spent in this place.
 D = Time resting spent in this place.
 E = Time spent auto-exploring this place.
 F = Levels seen in this place.
 G = Mean time per level.
                   A        B        C        D        E       F      G
               +--------+--------+--------+--------+--------+-----+--------+
         Total |    492 |    492 |      0 |      0 |    411 |   1 |  492.0 |
       Dungeon |    492 |    492 |      0 |      0 |    411 |   1 |  492.0 |
               +--------+--------+--------+--------+--------+-----+--------+

Top non-repeatable levels by time:
     D:1: 492 daAuts
